 Dungeon Crawl Stone Soup version 0.26-a0-466-g989023bd0d (webtiles) character file.

Game seed: 14244345076484431983

3852 epen the Covert (level 10, -3/69 HPs)
             Began as an Octopode Brigand on Aug 3, 2020.
             Was an Initiate of Dithmenos.
             Slain by a komodo dragon (8 damage)
             ... on level 8 of the Dungeon.
             The game lasted 00:12:38 (10150 turns).

epen the Covert (Octopode Brigand)                 Turns: 10150, Time: 00:12:39

Health: -3/69      AC:  3    Str: 10    XL:     10   Next: 18%
Magic:  11/11      EV: 16    Int: 14    God:    Dithmenos [......]
Gold:   309        SH:  0    Dex: 17    Spells: 9/9 levels left

rFire    . . .     SeeInvis .   a - +3 dagger
rCold    . . .     Faith    .   (no shield)
rNeg     . . .     Spirit   .   q - +2 hat
rPois    .         Reflect  .   (no amulet)
rElec    .         Harm     .   (no ring)
rCorr    .                      s - ring of flight
MR       .....                  (no ring)
Stlth    +++++.....             (no ring)
HPRegen  0.21/turn              (no ring)
MPRegen  0.12/turn              (no ring)
                                (no ring)
                                (no ring)

@: drained
A: almost no armour, stealthy swim, amphibious, 8 rings, constrict 8, camouflage
1, gelatinous body 1
a: Renounce Religion, Evoke Flight


You were on level 8 of the Dungeon.
You worshipped Dithmenos.
Dithmenos was noncommittal.
You visited 2 branches of the dungeon, and saw 9 of its levels.
You also visited: Sewer.

You collected 562 gold pieces.
You spent 253 gold pieces at shops.

Inventory:

Hand Weapons
 a - a +3 dagger (weapon)
Missiles
 b - 49 poisoned darts (quivered)
 c - a curare-tipped dart
 k - 5 throwing nets
 v - 8 atropa-tipped darts
Armour
 q - a +2 hat (worn)
Jewellery
 j - an uncursed ring of fire
 s - a ring of flight (right tentacle)
Wands
 w - a wand of random effects (13)
Scrolls
 f - 4 scrolls of enchant armour
 g - 2 scrolls of fog
 i - 3 scrolls of identify
 m - a scroll of blinking
 o - 3 scrolls of random uselessness {unknown}
 r - 6 scrolls of teleportation
 y - a scroll of enchant weapon
 z - a scroll of amnesia
 A - 2 scrolls of remove curse
Potions
 d - 2 potions of flight {unknown}
 e - 4 potions of invisibility
 h - 7 potions of curing
 l - a potion of ambrosia {unknown}
 n - a potion of brilliance {unknown}
 p - 2 potions of lignification
 t - a potion of cancellation {unknown}
 u - 2 potions of heal wounds
 x - a potion of haste


   Skills:
 + Level 6.4(5.6) Fighting
 * Level 7.1(6.4) Short Blades
 + Level 6.3(5.6) Throwing
 + Level 6.1(5.4) Dodging
 + Level 9.0(8.2) Stealth
 - Level 3.5(2.9) Unarmed Combat
 + Level 2.5(1.9) Invocations


You had 9 spell levels left.
You didn't know any spells.
Your spell library was empty.

Dungeon Overview and Level Annotations

Branches:
Dungeon (8/15)             Temple (1/1) D:7            Lair (0/6) D:8
  Sewer (visited)

Altars:
Ashenzari
Cheibriados
Dithmenos
Elyvilon
Fedhas
Gozag
Hepliaklqana
Kikubaaqudgha
Makhleb
Nemelex Xobeh
Okawaru
Qazlal
Ru
Sif Muna
Trog
Uskayaw
Vehumet
Wu Jian
Xom
Yredelemnul
Zin
The Shining One

Shops:
D:6 !


Innate Abilities, Weirdness & Mutations

You cannot wear most types of armour.
You are very stealthy in the water. (Stealth+)
You are amphibious.
You can wear up to eight rings at the same time.
You can use your tentacles to constrict eight enemies at once.
Your skin changes colour to match your surroundings (Stealth+).
Your rubbery body absorbs attacks. (AC +1, EV +1)


Message History

Fire/throw which item? (* to show all) (? for menu, Esc to quit)
Throwing (i - inventory. (/) - cycle)
b - 50 poisoned darts (quivered)
Press: ? - help, Shift-Dir - straight line, f/p - komodo dragon
Aim: a komodo dragon (heavily wounded, poisoned)
You throw a poisoned dart.
The poisoned dart hits the komodo dragon.
The komodo dragon looks even sicker.
The komodo dragon is heavily wounded.
You closely miss the komodo dragon. Your squeeze misses the komodo dragon.
The komodo dragon is heavily wounded.
You puncture the komodo dragon!
The komodo dragon is severely wounded.
The komodo dragon bites you!!
* * * LOW HITPOINT WARNING * * *
You hit the komodo dragon.
The komodo dragon is almost dead.
You barely miss the komodo dragon.
The komodo dragon is almost dead.
The komodo dragon bites you!
You die...

#...##((.........#
#.......z...#.
#...##.####......+
....####.##.#.
#...'(....#......# #
##.....##.#.
#...##.##+#......#.# ......##'#'
#...##...........#.#
#....#......
######..(........#.#
#.#..#...[..
............#####.#.#.#..#......
#####.......#####.#.#.#..#......
.............l@....#...........
#####†....######.#####..#.#.##.
#.........†.............#.#.##.
#.........######.#####.##.#.##.
####.(....# #.# #.##.#.###
.........# #.# #.##.#.###
####.....# #.# #.##.#....
#.....######.#####.##.#####
#.....................#


You could see a komodo dragon (poisoned).

Vanquished Creatures
  Harold (D:7)
  Maggie (D:6)
  Grinder (D:3)
  Edmund (D:4)
  Duvessa (D:5)
  A water moccasin (D:6)
  3 orc warriors (D:6)
  An ice beast (D:8)
  5 ogres
  4 centaurs
  2 big kobolds
  A water moccasin zombie (D:8)
  Dowan (D:5)
  3 wights (D:8)
  A quasit (D:6)
  2 jellies
  A bullfrog skeleton (D:7)
  2 centaur skeletons
  6 orc wizards
  7 worker ants
  A hound skeleton (D:8)
  11 adders
  7 gnolls
  A river rat (D:6)
  3 white imps
  2 ufetubi
  An ooze (D:4)
  4 worms
  A dart slug (D:2)
  8 leopard geckos
  25 orcs
  7 giant cockroaches
  6 goblins
  2 hobgoblins (D:1)
  8 jackals
  A ball python (D:6)
  5 bats
  5 frilled lizards
  19 kobolds
  A quokka skeleton (D:4)
  10 rats
173 creatures vanquished.

Vanquished Creatures (others)
  A giant cockroach zombie (D:6)
  3 plants (D:8)
4 creatures vanquished.

Grand Total: 177 creatures vanquished

Notes
Turn   | Place    | Note
-------+----------+-------------------------------------------
     0 | D:1      | epen the Octopode Brigand began the quest for the Orb.
     0 | D:1      | Reached XP level 1. HP: 14/14 MP: 1/1
    15 | D:1      | Reached XP level 2. HP: 10/19 MP: 2/2
   737 | D:1      | Reached XP level 3. HP: 23/24 MP: 3/3
  1097 | D:2      | Reached skill level 1 in Unarmed Combat
  1371 | D:2      | Reached XP level 4. HP: 30/30 MP: 4/4
  1674 | D:2      | Found a glowing silver altar of Zin.
  1674 | D:2      | Found an opulent altar of Gozag.
  2088 | D:3      | Noticed Grinder
  2094 | D:3      | Paralysed by Grinder for 2 turns
  2101 | D:3      | Killed Grinder
  2101 | D:3      | Reached XP level 5. HP: 16/36 MP: 5/5
  2101 | D:3      | Reached XP level 6. HP: 19/42 MP: 6/6
  3058 | D:4      | Found a shattered altar of Ashenzari.
  3058 | D:4      | Found an iron altar of Okawaru.
  3086 | D:4      | Found a shimmering altar of Xom.
  3086 | D:4      | Found a sparkling altar of Nemelex Xobeh.
  3086 | D:4      | Found an ancient bone altar of Kikubaaqudgha.
  3087 | D:4      | Found a radiant altar of Vehumet.
  3178 | D:4      | Reached XP level 7. HP: 36/47 MP: 7/7
  3598 | D:4      | Noticed Edmund
  3636 | D:4      | Killed Edmund
  4072 | D:5      | Entered Level 5 of the Dungeon
  4080 | D:5      | Noticed Duvessa
  4080 | D:5      | Noticed Dowan
  4082 | D:5      | Killed Dowan
  4082 | D:5      | Reached skill level 6 in Stealth
  4091 | D:5      | Killed Duvessa
  4356 | D:5      | Reached XP level 8. HP: 40/54 MP: 8/8
  5667 | D:6      | Noticed Maggie
  5812 | D:6      | Killed Maggie
  5812 | D:6      | Reached skill level 5 in Fighting
  5812 | D:6      | Reached skill level 5 in Throwing
  5812 | D:6      | Reached skill level 7 in Stealth
  6218 | D:6      | Found a glowing drain.
  6222 | Sewer    | Entered a sewer
  6335 | Sewer    | Reached skill level 5 in Short Blades
  6335 | Sewer    | Reached skill level 5 in Dodging
  6335 | Sewer    | Reached XP level 9. HP: 53/61 MP: 9/9
  6416 | Sewer    | Found a white marble altar of Elyvilon.
  6502 | D:6      | HP: 1/61 [something (4)]
  7408 | D:6      | Reached skill level 8 in Stealth
  7617 | D:6      | Found Mogun's Distillery.
  7625 | D:6      | Bought a potion of heal wounds for 55 gold pieces
  7625 | D:6      | Bought a potion of heal wounds for 55 gold pieces
  7625 | D:6      | Bought a potion of curing for 33 gold pieces
  7625 | D:6      | Bought a potion of haste for 110 gold pieces
  7892 | D:7      | Found a staircase to the Ecumenical Temple.
  7906 | Temple   | Entered the Ecumenical Temple
  8012 | Temple   | Became a worshipper of Dithmenos the Shadowed
  8265 | D:7      | Noticed Harold
  8280 | D:7      | Killed Harold
  8280 | D:7      | Reached skill level 1 in Invocations
  8451 | D:7      | Reached XP level 10. HP: 68/68 MP: 11/11
  9884 | D:8      | Reached skill level 9 in Stealth
 10085 | D:8      | Found a staircase to the Lair.
 10150 | D:8      | Slain by a komodo dragon

Illustrated notes

Levels and vault maps discovered:
D:1:      mrwooster_arrival_statue_2, layout_basic
D:2:      minmay_spotlight, layout_rooms, grunt_temple_overflow_gold_and_silver
D:3:      layout_loops_corners, kennysheep_generic_room_15, uniq_grinder
D:4:      layout_loops_cross, grunt_temple_overflow_open,
          kennysheep_generic_room_7, uniq_edmund
D:5:      layout_basic, uniq_duvessa
D:6:      layout_cave_pools, enter_ossuary_5, gup_sewer_entry_bowl,
          serial_shops, kennysheep_little_box, uniq_maggie
D:7:      layout_loops_ring, minmay_temple_entry_trees, st_stairs_4,
          corexii_leaking_fountain, chequers_garden, uniq_harold
D:8:      layout_basic, david_lair_shrubbed
Temple:   jpeg_temple_clearing

Skill      XL: |  1  2  3  4  5  6  7  8  9 10 |
---------------+-------------------------------+-----
Unarmed Combat | 1 2 3 |  3.5
Dodging        | 2 3 4 5 6 |  6.1
Fighting       | 3 4 5 6 |  6.4
Throwing       | 3 4 5 6 |  6.3
Stealth        | 6 7 8 9 |  9.0
Short Blades   | 3 5 6 7 |  7.1
Invocations    | 2 |  2.5

Action                   |  1- 3 |  4- 6 |  7- 9 | 10-12 || total
-------------------------+-------+-------+-------+-------++-------
Melee: Dagger            |    46 |    79 |   343 |    80 ||   548
       Constrict         |     7 |    13 |    47 |     9 ||    76
       Tentacles         |     6 |    11 |    83 |    15 ||   115
       Punch             |     1 |     1 |     8 |     2 ||    12
Throw: Dart              |       |       |     8 |     5 ||    13
       Throwing net      |       |       |     2 |       ||     2
  Use: Scroll            |       |       |    13 |       ||    13
       Potion            |       |       |     2 |       ||     2
 Stab: Sleeping          |    19 |    17 |    20 |     8 ||    64
       Distracted        |     1 |     1 |     1 |       ||     3
       Held in net/web   |       |       |     1 |       ||     1
Armor: Skin              |     1 |     7 |    27 |       ||    35
Dodge: Dodged            |    11 |    22 |   202 |    39 ||   274

Table legend: (Time is in decaauts)
 A = Elapsed time spent in this place.
 B = Non-inter-level travel time spent in this place.
 C = Inter-level travel time spent in this place.
 D = Time resting spent in this place.
 E = Time spent auto-exploring this place.
 F = Levels seen in this place.
 G = Mean time per level.
                   A        B        C        D        E       F      G
               +--------+--------+--------+--------+--------+-----+--------+
         Total |  10038 |   9725 |    313 |   2323 |   5943 |  10 | 1003.8 |
       Dungeon |   9688 |   9391 |    297 |   2323 |   5685 |   8 | 1211.0 |
        Temple |    123 |    107 |     16 |      0 |     94 |   1 |  123.0 |
         Sewer |    226 |    226 |      0 |      0 |    164 |   1 |  226.0 |
               +--------+--------+--------+--------+--------+-----+--------+

Top non-repeatable levels by time:
     D:5: 1849 daAuts
     D:6: 1609 daAuts
     D:7: 1376 daAuts
     D:3: 1258 daAuts
     D:1: 1047 daAuts
     D:4: 1006 daAuts
     D:8: 801 daAuts
     D:2: 738 daAuts
   Sewer: 226 daAuts
  Temple: 123 daAuts
